 Dungeon Crawl Stone Soup version 0.30-a0-329-g85436e0a43 (webtiles) character file.

Game seed: 3401224686935517617

598 oldmanjim the Magician (level 7, 0/45 HPs)
             Began as a Djinni Earth Elementalist on Oct 28, 2022.
             Slain by a hornet zombie (9 damage)
             ... in an ossuary.
             The game lasted 00:20:45 (3069 turns).

oldmanjim the Magician (Djinni Earth Elementalist)  Turns: 3069, Time: 00:20:46

Health: 0/45       AC: 10    Str:  7    XL:     7   Next: 68%
Gold:   161        EV: 19    Int: 18    God:
                   SH:  0    Dex: 19

rFire   . . .      SeeInvis .    (weapon currently unavailable)
rCold   . . .      Faith    .    (shield currently unavailable)
rNeg    . . .      Spirit   .    (body armour currently unavailable)
rPois   ∞          Reflect  .    (helmet currently unavailable)
rElec   .          Harm     .    (cloak currently unavailable)
rCorr   .          Rampage  .    (gloves currently unavailable)
Will    .....                    (boots unavailable)
Stlth   ++........               (no amulet)
HPRegen 0.27/turn                h - +4 ring of protection
MPRegen 0.00/turn                v - +4 ring of protection

@: spider-form, flying
A: venomous fangs, flying, sickness immunity, tiny, (fire resistance 2), (cold
vulnerability 1), float, innate caster, HP casting, extra vitality 1
a: End Transformation


You were in an ossuary.
You were a venomous arachnid creature.
You visited 1 branch of the dungeon, and saw 4 of its levels.
You also visited: Ossuary.

You collected 161 gold pieces.

Inventory:

Hand Weapons
 a - a +0 dagger (melded)
Missiles
 d - 25 stones
 k - 3 curare-tipped darts
 u - 5 poisoned darts
Armour
 n - a +0 ring mail
 w - a +0 robe (melded)
Jewellery
 e - a ring of magical power
 h - a +4 ring of protection (left front leg)
 v - a +4 ring of protection (right front leg)
 z - a ring of fire
Wands
 t - a wand of iceblast (6)
Scrolls
 b - a scroll of immolation {unknown}
 c - 2 scrolls of identify {unknown}
 i - a scroll of summoning {unknown}
 j - 2 scrolls of amnesia {unknown}
 o - a scroll of enchant weapon {unknown}
 p - a scroll of enchant armour {unknown}
 q - a scroll of blinking {unknown}
 s - a scroll of noise {unknown}
 y - a scroll of vulnerability {unknown}
 B - a scroll of teleportation {unknown}
 C - a scroll of fog {unknown}
Potions
 f - 3 potions of degeneration {unknown}
 g - 3 potions of lignification {unknown}
 l - a potion of heal wounds {unknown}
 m - 2 potions of mutation {unknown}
 r - 2 potions of might
 x - a potion of curing {unknown}
 A - 2 potions of magic {unknown}


   Skills:
 - Level 2.1 Dodging
 - Level 1.5 Stealth
 + Level 6.4 Spellcasting


You had 2 spell levels left.
You knew the following spells:

 Your Spells              Type           Power      Damage    Failure   Level
a - Sandblast             Erth           58%        2d13      4%          1
b - Passwall              Tmut/Erth      24%        N/A       6%          2
c - Stone Arrow           Conj/Erth      58%        3d10      10%         3
d - Petrify               Tmut/Erth      29%        N/A       22%         4
e - Shock                 Conj/Air       100%       1d9       4%          1
f - Poisonous Vapours     Pois/Air       58%        N/A       6%          2
g - Spider Form           Tmut/Pois      29%        N/A       10%         3
Your spell library was empty.

Dungeon Overview and Level Annotations

Branches:
Dungeon (4/15)            Ossuary (1/1)
 Temple: D:4-7

Altars:
The Shining One

Annotations:
D:2 1 runed translucent door, Crazy Yiuf
D:4 exclusion: ogre


Innate Abilities, Weirdness & Mutations

You are a venomous arachnid creature.
You have poisonous fangs.
You are tiny and dextrous.
You are flying.
Your spellcasting is less reliable in this form.
Your armour is entirely melded.
You are incapable of wielding weapons or throwing items.
You are immune to sickness and miasma.
You are immune to poison.
((Your flesh is very heat resistant. (rF++)))
((You are vulnerable to cold. (rC-)))
You float through the air rather than walking.
You learn spells naturally, not from books.
Your magical power is your life essence.
You have superior vitality. (+4 MHP)


Message History

Casting: Sandblast (safe; 1% risk of failure)
Confirm with . or Enter, or press ? or * to list all spells.
Aiming: Sandblast (safe; 1% risk of failure)
Press: ? - help, Shift-Dir - straight line, f - mummy
Aim: a mummy (wandering, hasn't noticed you, 92% to hit)
The blast of sand hits the mummy.
The mummy is moderately damaged.
* * * LOW HITPOINT WARNING * * *
A mummy comes into view.
Casting: Sandblast (safe; 1% risk of failure)
Confirm with . or Enter, or press ? or * to list all spells.
Aiming: Sandblast (safe; 1% risk of failure)
Press: ? - help, Shift-Dir - straight line, f/p - mummy
Aim: a mummy (moderately damaged, 92% to hit)
The blast of sand hits the mummy.
The mummy is heavily damaged.
* * * LOW HITPOINT WARNING * * *
Casting: Sandblast (safe; 1% risk of failure)
Confirm with . or Enter, or press ? or * to list all spells.
Aiming: Sandblast (safe; 1% risk of failure)
Press: ? - help, Shift-Dir - straight line, f/p - mummy
Aim: a mummy (heavily damaged, 92% to hit)
The blast of sand hits the mummy but does no damage.
The mummy is heavily damaged.
* * * LOW HITPOINT WARNING * * *
A hornet zombie comes into view.
There are no items here.
Unknown command.
Casting: Sandblast (safe; 1% risk of failure)
Confirm with . or Enter, or press ? or * to list all spells.
You turn into a venomous arachnid creature.
Your +0 dagger melds into your body.
Your +0 robe melds into your body.
* * * LOW HITPOINT WARNING * * *
The hornet zombie barely misses you. The mummy misses you.
You hit the hornet zombie but do no damage.
The hornet zombie hits you but does no damage.
You hit the hornet zombie but do no damage.
The hornet zombie completely misses you.
The mummy misses you. The hornet zombie hits you!
You die...

##### #
#∩Z.#.'.#
#sMM~.#
#...#.~.#
##### ~#


You could see 2 mummies and a hornet zombie.

Vanquished Creatures
  Grinder (D:4)
  A wyvern zombie (Ossuary)
  A bullfrog zombie (Ossuary)
  An orc priest (D:3)
  A killer bee zombie (Ossuary)
  6 mummies
  A howler monkey zombie (Ossuary)
  4 gnolls (D:2)
  2 adders
  4 dart slugs
  7 orcs
  10 endoplasms
  5 giant cockroaches
  8 goblins
  4 hobgoblins
  11 jackals
  3 quokkas
  3 ball pythons
  3 bats
  3 frilled lizards
  6 kobolds
  3 rats
88 creatures vanquished.

Notes
Turn   | Place    | Note
-------+----------+-------------------------------------------
     0 | D:1      | oldmanjim the Djinni Earth Elementalist began the quest for
                  | the Orb.
     0 | D:1      | oldmanjim set off with the following spells memorised:
                  | Sandblast, Passwall, Stone Arrow, Petrify.
     0 | D:1      | Reached XP level 1. HP: 15/15 MP: 0/0
   110 | D:1      | Reached XP level 2. HP: 18/21 MP: 0/0
   261 | D:1      | Reached skill level 3 in Spellcasting
   556 | D:1      | Reached XP level 3. HP: 25/25 MP: 0/0
   556 | D:1      | Learned a level 1 spell: Shock
   756 | D:1      | Upgraded the game from 0.30-a0-322-g102857c98e to
                  | 0.30-a0-329-g85436e0a43
   963 | D:2      | Found a faded altar of an unknown god.
   996 | D:2      | Found a runed translucent door.
   997 | D:2      | Noticed Crazy Yiuf
  1203 | D:2      | Reached XP level 4. HP: 28/31 MP: 0/0
  1265 | D:2      | Reached skill level 4 in Spellcasting
  2007 | D:3      | Reached XP level 5. HP: 34/35 MP: 0/0
  2007 | D:3      | Learned a level 2 spell: Poisonous Vapours
  2886 | D:4      | Noticed an ogre
  2895 | D:4      | Noticed Grinder
  2904 | D:4      | Killed Grinder
  2905 | D:4      | Reached skill level 5 in Spellcasting
  2905 | D:4      | Reached XP level 6. HP: 24/40 MP: 0/0
  2906 | D:4      | Reached XP level 7. HP: 26/45 MP: 0/0
  2906 | D:4      | Learned a level 3 spell: Spider Form
  2910 | D:4      | Found a glowing golden altar of the Shining One.
  2998 | D:4      | Found a sand-covered staircase.
  3005 | Ossuary  | Entered an ossuary
  3016 | Ossuary  | Reached skill level 6 in Spellcasting
  3069 | Ossuary  | Slain by a hornet zombie

Illustrated notes

Levels and vault maps discovered:
D:1:      minmay_arrival_doors, layout_loops_ring
D:2:      layout_basic, serial_co_window_serial, co_window_cross_1,
          co_window_paths_a, co_window_corner_a, co_window_corner_a,
          co_window_corner_a, co_window_broadway_c, co_window_corner_ca,
          co_window_cross_2, co_window_cross_3, glass_columns_a,
          chequers_ecumenical_altar_island, minmay_tripent,
          uniq_crazy_yiuf_cottage
D:3:      layout_loops_corners, corner_web_ring, grunt_ministairs_12,
          st_stairs_5
D:4:      layout_rooms, mainiacjoe_overflow_surrounded_room,
          gup_ossuary_entry_pyramid, uniq_ijyb, uniq_natasha, uniq_menkaure,
          uniq_grinder
Ossuary:  ossuary_zaba_flooded

Skill      XL: |  1  2  3  4  5  6  7 |
---------------+----------------------+-----
Spellcasting   | 3 4 5 6 |  6.4
Dodging        | |  2.1
Stealth        | |  1.5

Action                   |  1- 3 |  4- 6 |  7- 9 || total
-------------------------+-------+-------+-------++-------
Melee: Unarmed           |       |       |     2 ||     2
 Cast: Sandblast         |    37 |    34 |    19 ||    90
       Shock             |    28 |    42 |     7 ||    77
       Poisonous Vapours |       |     7 |     1 ||     8
       Stone Arrow       |       |     4 |     6 ||    10
       Spider Form       |       |       |     1 ||     1
Armor: Robe              |     9 |     5 |     2 ||    16
       Skin              |       |       |     1 ||     1
Dodge: Dodged            |    12 |     3 |     8 ||    23

Table legend: (Time is in decaauts)
 A = Elapsed time spent in this place.
 B = Non-inter-level travel time spent in this place.
 C = Inter-level travel time spent in this place.
 D = Time resting spent in this place.
 E = Time spent auto-exploring this place.
 F = Levels seen in this place.
 G = Mean time per level.
                   A        B        C        D        E       F      G
               +--------+--------+--------+--------+--------+-----+--------+
         Total |   3111 |   2894 |    217 |      6 |   2288 |   5 |  622.2 |
       Dungeon |   3038 |   2821 |    217 |      0 |   2288 |   4 |  759.5 |
       Ossuary |     72 |     72 |      0 |      6 |      0 |   1 |   72.0 |
               +--------+--------+--------+--------+--------+-----+--------+

Top non-repeatable levels by time:
     D:2: 1100 daAuts
     D:3: 1008 daAuts
     D:1: 798 daAuts
     D:4: 131 daAuts
 Ossuary: 72 daAuts
